TOP OF THE 1ST |
Evanston Elitists batting - Pitching for Barry's Bay Orioles : RHP David Miller
|
Pitching: RHP David Miller
|
|
Batting: SHB Troy Abreu
|
0-0: Foul Ball, location: 2F 0-1: DOUBLE (Line Drive, 9)
|
Batting: RHB Zhong-xian Pai
|
0-0: Ground out 4-3 (Groundball, 34) Troy Abreu to third
|
Batting: RHB Greg Nichols
|
0-0: Ball Wild Pitch! Troy Abreu scores 1-0: Called Strike 1-1: Swinging Strike 1-2: Strikes out swinging
|
Batting: RHB Cristóbal Calderón
|
0-0: Called Strike 0-1: Fly out, F1 (Line Drive, 13)
|
Top of the 1st over - 1 run, 1 hit, 0 errors, 0 left on base; Evanston 1 - Barry's Bay 0 |
BOTTOM OF THE 1ST |
Barry's Bay Orioles batting - Pitching for Evanston Elitists : RHP Jesús Cervantes
|
Pitching: RHP Jesús Cervantes
|
|
Batting: RHB Howard Robinson
|
0-0: Called Strike 0-1: Foul Ball, location: 2F 0-2: Strikes out swinging
|
Batting: RHB Esteban Álvarez
|
0-0: Called Strike 0-1: Ball 1-1: Ball 2-1: Ball 3-1: Swinging Strike 3-2: Foul Ball, location: 2F 3-2: Strikes out swinging
|
Batting: LHB Chris Russell
|
0-0: Foul Ball, location: 2F 0-1: Ball 1-1: Ground out 6-3 (Groundball, 6)
|
Bottom of the 1st over - 0 runs, 0 hits, 0 errors, 0 left on base; Evanston 1 - Barry's Bay 0 |
TOP OF THE 2ND |
Evanston Elitists batting - Pitching for Barry's Bay Orioles : RHP David Miller
|
Batting: RHB Troy Johnson
|
0-0: Foul Ball, location: 2F 0-1: Ball 1-1: Hit by Pitch
|
Batting: LHB Jean-Sébastien Beaudin
|
0-0: Swinging Strike 0-1: Ball 1-1: Ball 2-1: Swinging Strike 2-2: Ball 3-2: Foul Ball, location: 2F 3-2: Fielders Choice at 2nd, 4-6 (Groundball, 4)
|
Batting: RHB Ed Gaston
|
0-0: Fly out, F9 (Flyball, 9D)
|
Batting: SHB Claas van der Kuijl
|
0-0: Ball 1-0: Ball 2-0: Swinging Strike 2-1: Foul Ball, location: 2F 2-2: Foul Ball, location: 2F 2-2: SINGLE (Flyball, 89S) Jean-Sébastien Beaudin to second Runner from 2nd tries for 3rd, SAFE, no throw
|
Batting: RHB Bruce Adams
|
0-0: Called Strike 0-1: Foul Ball, location: 2F 0-2: Ground out 4-3 (Groundball, 34)
|
Top of the 2nd over - 0 runs, 1 hit, 0 errors, 2 left on base; Evanston 1 - Barry's Bay 0 |
BOTTOM OF THE 2ND |
Barry's Bay Orioles batting - Pitching for Evanston Elitists : RHP Jesús Cervantes
|
Batting: LHB António Machado
|
0-0: Ball 1-0: Swinging Strike 1-1: Swinging Strike 1-2: Ball 2-2: Ground out 6-3 (Groundball, 6)
|
Batting: RHB Dwayne Roldán
|
0-0: Ball 1-0: Called Strike 1-1: Foul Ball, location: 2F 1-2: Ball 2-2: Fly out, F9 (Flyball, 89D)
|
Batting: RHB Kevin Hawkins
|
0-0: Foul Ball, location: 2F 0-1: Foul Ball, location: 2F 0-2: Ball 1-2: Foul Ball, location: 2F 1-2: Foul Ball, location: 2F 1-2: Ball 2-2: Ground out 5-3 (Groundball, 5)
|
Bottom of the 2nd over - 0 runs, 0 hits, 0 errors, 0 left on base; Evanston 1 - Barry's Bay 0 |
TOP OF THE 3RD |
Evanston Elitists batting - Pitching for Barry's Bay Orioles : RHP David Miller
|
Batting: SHB Troy Abreu
|
0-0: Called Strike 0-1: Called Strike 0-2: Strikes out swinging
|
Batting: RHB Zhong-xian Pai
|
0-0: Called Strike 0-1: Swinging Strike 0-2: Strikes out looking
|
Batting: RHB Greg Nichols
|
0-0: Fly out, F8 (Flyball, 89S)
|
Top of the 3rd over - 0 runs, 0 hits, 0 errors, 0 left on base; Evanston 1 - Barry's Bay 0 |
BOTTOM OF THE 3RD |
Barry's Bay Orioles batting - Pitching for Evanston Elitists : RHP Jesús Cervantes
|
Batting: RHB Kawsen Kitwana
|
0-0: Called Strike 0-1: Ball 1-1: SINGLE (Groundball, 6MD)
|
Batting: RHB Francisco Díaz
|
0-0: Ball 1-0: Grounds into double play, 5-4-3 (Groundball, 56)
|
Batting: SHB Brent Boswell
|
0-0: SINGLE (Line Drive, 8LS)
|
Batting: RHB Howard Robinson
|
0-0: Called Strike 0-1: Ball 1-1: Called Strike 1-2: Ball 2-2: Fly out, F6 (Popup, 6MD)
|
Bottom of the 3rd over - 0 runs, 2 hits, 0 errors, 1 left on base; Evanston 1 - Barry's Bay 0 |
TOP OF THE 4TH |
Evanston Elitists batting - Pitching for Barry's Bay Orioles : RHP David Miller
|
Batting: RHB Cristóbal Calderón
|
0-0: Called Strike 0-1: Ball 1-1: Swinging Strike 1-2: SINGLE (Groundball, 4MD)
|
Batting: RHB Troy Johnson
|
0-0: Called Strike Cristóbal Calderón is caught stealing 2nd base 0-1: Foul Ball, location: 2F 0-2: Foul Ball, location: 2F 0-2: Fly out, F8 (Flyball, 89S)
|
Batting: LHB Jean-Sébastien Beaudin
|
0-0: Ball 1-0: Called Strike 1-1: Swinging Strike 1-2: SINGLE (Groundball, 3S) (infield hit)
|
Batting: RHB Ed Gaston
|
0-0: Ball 1-0: Ball 2-0: Foul Ball, location: 2F 2-1: Ball 3-1: Called Strike 3-2: Reached via error on a dropped throw, E3 Jean-Sébastien Beaudin to second
|
Batting: SHB Claas van der Kuijl
|
0-0: Foul Ball, location: 2F 0-1: Ground out U3 (Groundball, 3L)
|
Top of the 4th over - 0 runs, 2 hits, 1 error, 2 left on base; Evanston 1 - Barry's Bay 0 |
BOTTOM OF THE 4TH |
Barry's Bay Orioles batting - Pitching for Evanston Elitists : RHP Jesús Cervantes
|
Batting: RHB Esteban Álvarez
|
0-0: Called Strike 0-1: Foul Ball, location: 2F 0-2: Strikes out swinging
|
Batting: LHB Chris Russell
|
0-0: Ball 1-0: Ball 2-0: Ball 3-0: Base on Balls
|
Batting: LHB António Machado
|
0-0: Ball 1-0: Fielders Choice at 2nd, 4-6 (Groundball, 4)
|
Batting: RHB Dwayne Roldán
|
0-0: Called Strike 0-1: DOUBLE (Flyball, 8RXD) António Machado to third Runner from 3rd tries for Home, SAFE, no throw
|
Batting: RHB Kevin Hawkins
|
0-0: Called Strike 0-1: Ball 1-1: SINGLE (Line Drive, 34D) Dwayne Roldán to third Runner from 3rd tries for Home, SAFE, no throw
|
Batting: RHB Kawsen Kitwana
|
0-0: Called Strike 0-1: Ball 1-1: Ball 2-1: Ball 3-1: Swinging Strike 3-2: Foul Ball, location: 2F 3-2: Strikes out swinging
|
Bottom of the 4th over - 2 runs, 2 hits, 0 errors, 1 left on base; Evanston 1 - Barry's Bay 2 |
TOP OF THE 5TH |
Evanston Elitists batting - Pitching for Barry's Bay Orioles : RHP David Miller
|
Batting: RHB Bruce Adams
|
0-0: Ball 1-0: Swinging Strike 1-1: Ball 2-1: Foul Ball, location: 2F 2-2: Foul Ball, location: 2F 2-2: Strikes out swinging
|
Batting: SHB Troy Abreu
|
0-0: SOLO HOME RUN (Flyball, 9LD), Distance : 334 ft
|
Batting: RHB Zhong-xian Pai
|
0-0: Called Strike 0-1: SINGLE (Flyball, 8RS)
|
Batting: RHB Greg Nichols
|
0-0: Called Strike Zhong-xian Pai is caught stealing 2nd base 0-1: Swinging Strike 0-2: Strikes out looking
|
Top of the 5th over - 1 run, 2 hits, 0 errors, 0 left on base; Evanston 2 - Barry's Bay 2 |
BOTTOM OF THE 5TH |
Barry's Bay Orioles batting - Pitching for Evanston Elitists : RHP Jesús Cervantes
|
Batting: RHB Francisco Díaz
|
0-0: Ball 1-0: Ground out 6-3 (Groundball, 6)
|
Batting: SHB Brent Boswell
|
0-0: Ball 1-0: Called Strike 1-1: Ball 2-1: Ground out 4-3 (Groundball, 4M)
|
Batting: RHB Howard Robinson
|
0-0: Ball 1-0: DOUBLE (Line Drive, 7LM)
|
Batting: RHB Esteban Álvarez
|
0-0: Ball 1-0: Swinging Strike 1-1: Fly out, F8 (Flyball, 8LD)
|
Bottom of the 5th over - 0 runs, 1 hit, 0 errors, 1 left on base; Evanston 2 - Barry's Bay 2 |
TOP OF THE 6TH |
Evanston Elitists batting - Pitching for Barry's Bay Orioles : RHP David Miller
|
Batting: RHB Cristóbal Calderón
|
0-0: Called Strike 0-1: Foul Ball, location: 2F 0-2: Foul Ball, location: 2F 0-2: SINGLE (Groundball, 6MD)
|
Batting: RHB Troy Johnson
|
0-0: SINGLE (Groundball, 56D) Cristóbal Calderón to second
|
Batting: LHB Jean-Sébastien Beaudin
|
0-0: Called Strike 0-1: Ball 1-1: Ball 2-1: DOUBLE (Flyball, 8LXD) Cristóbal Calderón scores Troy Johnson to third
|
Batting: RHB Ed Gaston
|
0-0: Intentional Walk
|
Batting: SHB Claas van der Kuijl
|
0-0: Ball 1-0: Called Strike 1-1: Ball 2-1: Called Strike 2-2: Strikes out swinging
|
Batting: RHB Bruce Adams
|
0-0: Foul Ball, location: 2F 0-1: Ball 1-1: Foul Ball, location: 2F 1-2: Ball 2-2: Strikes out swinging
|
Batting: SHB Troy Abreu
|
0-0: Called Strike 0-1: Ball 1-1: Ball 2-1: Foul Ball, location: 2F 2-2: Foul Ball, location: 2F 2-2: Ball 3-2: Ground out 5-3 (Groundball, 5L)
|
Top of the 6th over - 1 run, 3 hits, 0 errors, 3 left on base; Evanston 3 - Barry's Bay 2 |
BOTTOM OF THE 6TH |
Barry's Bay Orioles batting - Pitching for Evanston Elitists : RHP Jesús Cervantes
|
Batting: LHB Chris Russell
|
0-0: Called Strike 0-1: Ball 1-1: Swinging Strike 1-2: Strikes out swinging
|
Batting: LHB António Machado
|
0-0: Foul Ball, location: 2F 0-1: Ball 1-1: Ball 2-1: Swinging Strike 2-2: Ball 3-2: Strikes out looking
|
Batting: RHB Dwayne Roldán
|
0-0: Called Strike 0-1: Foul Ball, location: 2F 0-2: Strikes out swinging
|
Bottom of the 6th over - 0 runs, 0 hits, 0 errors, 0 left on base; Evanston 3 - Barry's Bay 2 |
TOP OF THE 7TH |
Evanston Elitists batting - Pitching for Barry's Bay Orioles : RHP David Miller
|
Pitching: LHP William Evans
|
|
Batting: RHB Zhong-xian Pai
|
0-0: Ball 1-0: Fly out, F8 (Flyball, 8RD)
|
Batting: RHB Greg Nichols
|
0-0: Called Strike 0-1: Ball 1-1: Ball 2-1: Foul Ball, location: 2F 2-2: Ball 3-2: Base on Balls
|
Batting: RHB Cristóbal Calderón
|
0-0: Called Strike 0-1: Ball 1-1: Swinging Strike 1-2: Strikes out swinging
|
Pinch Runner at 1st Jaime Aguirre:
|
|
Batting: RHB Troy Johnson
|
0-0: Ball 1-0: Ball 2-0: Ground out 5-3 (Groundball, 56S)
|
Top of the 7th over - 0 runs, 0 hits, 0 errors, 1 left on base; Evanston 3 - Barry's Bay 2 |
BOTTOM OF THE 7TH |
Barry's Bay Orioles batting - Pitching for Evanston Elitists : RHP Jesús Cervantes
|
Now at 1B: Michael Scott
|
|
Batting: RHB Kevin Hawkins
|
0-0: Foul Ball, location: 2F 0-1: Ball 1-1: Ball 2-1: Ball 3-1: Base on Balls
|
Pitching: RHP Bob Allen
|
|
Batting: RHB Kawsen Kitwana
|
0-0: Called Strike Kevin Hawkins is caught stealing 2nd base 0-1: DOUBLE (Flyball, 7LD)
|
Batting: RHB Francisco Díaz
|
0-0: Ball 1-0: Ball 2-0: Ball 3-0: Base on Balls
|
Pinch Hitting: RHB Charles Lewis
|
0-0: Ball 1-0: Ball 2-0: Ball 3-0: Base on Balls Kawsen Kitwana to third Francisco Díaz to second
|
Batting: RHB Howard Robinson
|
0-0: Ball 1-0: Swinging Strike 1-1: Swinging Strike 1-2: Ball 2-2: Fly out, F5 (Popup, 5F)
|
Batting: RHB Esteban Álvarez
|
0-0: Called Strike 0-1: SINGLE (Line Drive, 6MD) Kawsen Kitwana scores Francisco Díaz to third Charles Lewis to second Runner from 3rd tries for Home, SAFE, no throw
|
Pitching: RHP Leonard Clements
|
|
Batting: LHB Chris Russell
|
0-0: Foul Ball, location: 2F 0-1: Swinging Strike 0-2: Ball 1-2: Strikes out swinging
|
Bottom of the 7th over - 2 runs, 2 hits, 0 errors, 2 left on base; Evanston 3 - Barry's Bay 4 |
TOP OF THE 8TH |
Evanston Elitists batting - Pitching for Barry's Bay Orioles : LHP William Evans
|
Now at 3B: Charles Lewis
|
|
Batting: LHB Jean-Sébastien Beaudin
|
0-0: Foul Ball, location: 2F 0-1: Foul Ball, location: 2F 0-2: Ball 1-2: Strikes out swinging
|
Batting: RHB Ed Gaston
|
0-0: Ball 1-0: Called Strike 1-1: Ball 2-1: Ground out 5-3 (Groundball, 5L)
|
Batting: SHB Claas van der Kuijl
|
0-0: DOUBLE (Line Drive, 78D)
|
Pinch Hitting: RHB Mike Harris
|
0-0: Called Strike 0-1: Ball 1-1: Ball 2-1: Ball 3-1: Base on Balls
|
Pinch Hitting: RHB Chris Barker
|
0-0: Ball 1-0: Called Strike 1-1: Ball 2-1: Ball 3-1: Fly out, F7 (Flyball, 7S)
|
Top of the 8th over - 0 runs, 1 hit, 0 errors, 2 left on base; Evanston 3 - Barry's Bay 4 |
BOTTOM OF THE 8TH |
Barry's Bay Orioles batting - Pitching for Evanston Elitists : RHP Leonard Clements
|
Now at 3B: Joe Farrell
|
|
Now in RF: Mike Harris
|
|
Batting: LHB António Machado
|
0-0: SINGLE (Groundball, 34) (infield hit)
|
Batting: RHB Dwayne Roldán
|
0-0: Ball 1-0: Called Strike 1-1: Foul Ball, location: 2F 1-2: Strikes out swinging
|
Batting: RHB Kevin Hawkins
|
0-0: Ball 1-0: Ball 2-0: SINGLE (Groundball, 4MD) António Machado to second
|
Batting: RHB Kawsen Kitwana
|
0-0: Called Strike 0-1: Swinging Strike 0-2: Strikes out looking
|
Batting: RHB Francisco Díaz
|
0-0: Foul Ball, location: 2F 0-1: Called Strike 0-2: Ball 1-2: Strikes out swinging
|
Bottom of the 8th over - 0 runs, 2 hits, 0 errors, 2 left on base; Evanston 3 - Barry's Bay 4 |
TOP OF THE 9TH |
Evanston Elitists batting - Pitching for Barry's Bay Orioles : LHP William Evans
|
Batting: RHB Zhong-xian Pai
|
0-0: Called Strike 0-1: Ball 1-1: Swinging Strike 1-2: Strikes out swinging
|
Batting: RHB Michael Scott
|
0-0: Foul Ball, location: 2F 0-1: Called Strike 0-2: Strikes out looking
|
Batting: RHB Cristóbal Calderón
|
0-0: SOLO HOME RUN (Flyball, 7D), Distance : 358 ft
|
Batting: RHB Troy Johnson
|
0-0: Called Strike 0-1: Ball 1-1: Ball 2-1: Foul Ball, location: 2F 2-2: SINGLE (Flyball, 89M)
|
Batting: LHB Jean-Sébastien Beaudin
|
0-0: Foul Ball, location: 2F 0-1: Ball 1-1: Ball 2-1: Ball 3-1: Base on Balls Troy Johnson to second
|
Batting: RHB Ed Gaston
|
0-0: Ball 1-0: Called Strike 1-1: Ball 2-1: Called Strike 2-2: Ball 3-2: Base on Balls Troy Johnson to third Jean-Sébastien Beaudin to second
|
Batting: SHB Claas van der Kuijl
|
0-0: Ball 1-0: Called Strike 1-1: Swinging Strike 1-2: Ball 2-2: Ball 3-2: Fly out, F9 (Flyball, 9LM)
|
Top of the 9th over - 1 run, 2 hits, 0 errors, 3 left on base; Evanston 4 - Barry's Bay 4 |
BOTTOM OF THE 9TH |
Barry's Bay Orioles batting - Pitching for Evanston Elitists : RHP Leonard Clements
|
Batting: RHB Charles Lewis
|
0-0: Ball 1-0: Ball 2-0: Called Strike 2-1: Ball 3-1: Base on Balls
|
Batting: RHB Howard Robinson
|
0-0: Ball 1-0: Ball 2-0: Fly out, F9 (Flyball, 9D)
|
Batting: RHB Esteban Álvarez
|
0-0: Ball Charles Lewis steals 2nd base 1-0: Called Strike 1-1: Called Strike 1-2: Strikes out swinging
|
Batting: LHB Chris Russell
|
0-0: Called Strike 0-1: Ground out 5-3 (Groundball, 56)
|
Bottom of the 9th over - 0 runs, 0 hits, 0 errors, 1 left on base; Evanston 4 - Barry's Bay 4 |
TOP OF THE 10TH |
Evanston Elitists batting - Pitching for Barry's Bay Orioles : LHP William Evans
|
Pitching: RHP Sylvain Leroy
|
|
Batting: RHB Mike Harris
|
0-0: Ball 1-0: SINGLE (Flyball, 78S)
|
Batting: RHB Joe Farrell
|
0-0: Called Strike 0-1: Ball 1-1: Ball 2-1: Fly out, F8 (Flyball, 89D)
|
Batting: RHB Zhong-xian Pai
|
0-0: Ball 1-0: Ball 2-0: Ball 3-0: Called Strike 3-1: SINGLE (Flyball, 78M) Mike Harris to second
|
Pinch Runner at 2nd Jonathan Martin:
|
|
Batting: RHB Michael Scott
|
0-0: Ball 1-0: Ball 2-0: Swinging Strike 2-1: Fielders Choice at 2nd, 3-6 (Groundball, 3) Jonathan Martin to third
|
Batting: RHB Cristóbal Calderón
|
0-0: SINGLE (Line Drive, 89S) Jonathan Martin scores Michael Scott to second
|
Batting: RHB Troy Johnson
|
0-0: Called Strike 0-1: Called Strike 0-2: Foul Ball, location: 2F 0-2: Fielders Choice at 2nd, 6-4 (Groundball, 6)
|
Top of the 10th over - 1 run, 3 hits, 0 errors, 2 left on base; Evanston 5 - Barry's Bay 4 |
|